Cogmind - Beta 16 @@@ ROGUE MODE // 2025.11.11 @ 20:41:35 Player: Buyo Result: Destroyed by G-47 Trooper with Particle Gun Performance ------------- Evolutions (2) 1000 Regions Visited (5) 1000 Robots Destroyed (22) 110 Value Destroyed (439) 439 Prototype IDs (2) 40 Alien Tech Used (0) 0 Bonus (25) 25 TOTAL SCORE: 2614 Bonus ------- Follower Combat Kills 25 Cogmind --------- Core Integrity 0/550 Matter 250/300 Energy 99/100 System Corruption 0% Temperature Cool (27) Movement Core (50) Location -8/Storage Parts ------- > --- POWER (2) -------- (None) > --- PROPULSION (4) --- (None) > --- UTILITY (3) ------ (None) > --- WEAPON (2) ------- (None) > --- INVENTORY (5) ---- Decoy Drone Bay (16/16) Light Assault Rifle Peak State ------------ > --- POWER ------------ Ion Engine Light Ion Engine > --- PROPULSION ------- Armored Wheel Armored Wheel > --- UTILITY ---------- Improved Heat Sink Decoy Drone Bay > --- WEAPON ----------- Beam Rifle > --- INVENTORY -------- Flight Unit Flight Unit Flight Unit Small Storage Unit [Rating: 25] Favorites ----------- Power Ion Engine Engine Ion Engine Propulsion Armored Wheel Wheel Armored Wheel Flight Unit Flight Unit Utility Heat Sink Device Heat Sink Storage Small Storage Unit Hackware Hacking Suite Weapon Medium Laser Energy Gun Medium Laser Ballistic Gun Light Assault Rifle Build | -11 -10 -9 -9 -8 -8 ------- Run | Yrd Mat Mat Min Mat Sto Slots Evolved 4 | . . 2 . 2 . Power 1 | . . 1 . . . Propulsion 2 | . . . . 2 . Utility 1 | . . 1 . . . Weapon . | . . . . . . Parts Attached 32 | 7 1 12 8 3 1 Power 9 | 1 . 5 2 . 1 Engine 9 | 1 . 5 2 . 1 Core . | . . . . . . Reactor . | . . . . . . Propulsion 11 | 2 . 5 3 1 . Treads . | . . . . . . Leg . | . . . . . . Wheel 6 | 2 . 3 1 . . Hover . | . . . . . . Flight 5 | . . 2 2 1 . Utility 6 | 1 1 1 2 1 . Device 4 | . 1 1 2 . . Storage 1 | 1 . . . . . Processor . | . . . . . . Hackware 1 | . . . . 1 . Protection . | . . . . . . Artifact . | . . . . . . Weapon 6 | 3 . 1 1 1 . Energy Gun 3 | 2 . . 1 . . Energy Cannon . | . . . . . . Ballistic Gun 3 | 1 . 1 . 1 . Ballistic Cannon . | . . . . . . Launcher . | . . . . . . Special Weapon . | . . . . . . Impact Weapon . | . . . . . . Slashing Weapon . | . . . . . . Piercing Weapon . | . . . . . . Special Melee Weapon . | . . . . . . Unidentified Prototypes 2 | . . 1 1 . . Parts Lost 15 | . . 11 . 1 3 Power 5 | . . 4 . . 1 Propulsion 5 | . . 2 . 1 2 Utility 2 | . . 2 . . . Weapon 3 | . . 3 . . . Highest Loss Streak 6 | . . 6 . 1 3 To Critical Strikes . | . . . . . . Average Backups 4 | 1 4 5 3 4 2 Power . | . 1 . . 1 . Propulsion 2 | 1 2 4 2 1 . Utility . | . . . . . 1 Weapon . | . 1 . . 1 1 Tool/Special . | . . . . . . Unused Backups 4 | . . 3 1 . . Power 1 | . . 1 . . . Propulsion 3 | . . 2 1 . . Utility . | . . . . . . Weapon . | . . . . . . Tool/Special . | . . . . . . Average Slot Usage (%) 66 | . 85 82 49 57 27 Engine 12 | . 14 17 5 9 5 Wheel 17 | . 28 19 18 4 3 Flight 3 | . . 2 3 19 5 Device 11 | . . 13 14 10 6 Storage 6 | . 14 10 . . . Energy Gun 10 | . 28 12 7 1 . Ballistic Gun 3 | . . 6 . 7 2 Peak Build Rating 25 | 6 7 12 25 25 11 Average Rating 11 | 4 6 10 18 10 6 On Entrance 8 | . 6 7 . 24 11 Avg Prop Armor Cover (%) . | . . . . . . Naked Turns 35 | . . 3 . . 32 Heaviest Build 26 | 14 15 26 23 5 5 Greatest Support 24 | 20 20 24 24 12 12 Greatest Overweight (x) 1 | . . 1 . . 1 Average Overweight (x) . | . . . . . . Largest Inventory Capacity 8 | 8 8 8 5 5 5 Average Capacity 6 | 6 8 7 5 5 5 Most Carried 8 | 5 4 8 5 5 5 Average Carried 4 | 2 4 5 3 4 3 Final Capacity 8 | 8 8 5 5 5 5 Final Carried 5 | 4 4 5 5 5 3 Class Distribution -------------------- 88% | Mutant 11% | Scavenger-Mutant Dominant Class ---------------- Mutant | -10/Materials Mutant | -9/Materials Mutant | -9/Mines Scavenger-Mutant | -8/Materials Mutant | -8/Storage Resources | -11 -10 -9 -9 -8 -8 ----------- Run | Yrd Mat Mat Min Mat Sto Matter Collected 616 | 213 . 308 95 . . Remotely . | . . . . . . Salvage Created 587 | . 48 489 50 . . Parts 46 | . 1 37 8 . . Haulers Intercepted . | . . . . . . Recyclers Shooed . | . . . . . . Parts Field Recycled . | . . . . . . Retrieved Matter . | . . . . . . Parts Self-Destructed . | . . . . . . Prevented . | . . . . . . Parts Restored . | . . . . . . Kills | -11 -10 -9 -9 -8 -8 ------- Run | Yrd Mat Mat Min Mat Sto Combat Hostiles Destroyed 19 | . 1 15 3 . . Guns 17 | . 1 13 3 . . Classes Destroyed 6 | . 1 4 1 . . Worker 2 | . . 2 . . . Tunneler 1 | . . . 1 . . Swarmer 10 | . . 7 3 . . Grunt 6 | . 1 5 . . . Brawler 1 | . . 1 . . . Sentry 2 | . . 2 . . . Best Kill Streak 8 | . 1 8 3 . . Combat Bots Only 7 | . 1 7 3 . . Max Kills in Single Turn 2 | . 1 2 1 . . Gunslinging . | . . . . . . Exploded . | . . . . . . Melee . | . . . . . . Uniques/NPCs Destroyed . | . . . . . . Combat | -11 -10 -9 -9 -8 -8 -------- Run | Yrd Mat Mat Min Mat Sto Hostile Shots Fired 273 | . 6 123 16 13 115 Missed 85 | . 1 27 8 6 43 Hits 188 | . 5 96 8 7 72 Melee 1 | . . 1 . . . Projectile 187 | . 5 95 8 7 72 Critical Strikes 4 | . . 2 . . 2 Damage Taken 2091 | . 55 1176 68 106 686 Core 798 | . 11 228 . 30 529 Absorbed by Shields 44 | . . . . . 44 Core Remaining (%) 79 | 100 95 . 43 . . Volleys Fired 76 | . 3 56 17 . . Largest 2 | . 2 2 1 . . Hottest 100 | . 100 100 56 . . Shots Fired 121 | . 6 98 17 . . Gun 121 | . 6 98 17 . . Cannon . | . . . . . . Launcher . | . . . . . . Special . | . . . . . . Kinetic 50 | . . 50 . . . Thermal 71 | . 6 48 17 . . Explosive . | . . . . . . Electromagnetic . | . . . . . . Robot Hit Streak 14 | . 3 14 9 . . Robot Miss Streak 5 | . 2 5 3 . . Penetration Max . | . . . . . . Secondary Targets . | . . . . . . Shots Hit Robots 83 | . 4 67 12 . . Core Hits 30 | . 2 24 4 . . Critical Kills 1 | . . 1 . . . Critical Parts Destroyed . | . . . . . . Critical Strikes 8 | . 1 5 2 . . Burn 7 | . 1 4 2 . . Destroy 1 | . . 1 . . . Melee Attacks . | . . . . . . Impact . | . . . . . . Slashing . | . . . . . . Piercing . | . . . . . . Sneak Attacks . | . . . . . . Combat Hostiles . | . . . . . . Follow-up Attacks . | . . . . . . Damage Inflicted 1018 | . 49 794 175 . . Guns 997 | . 49 773 175 . . Cannons . | . . . . . . Explosions . | . . . . . . Melee . | . . . . . . Ramming 21 | . . 21 . . . Kinetic 299 | . . 299 . . . Thermal 698 | . 49 474 175 . . Explosive . | . . . . . . Electromagnetic . | . . . . . . Impact . | . . . . . . Slashing . | . . . . . . Piercing . | . . . . . . Highest Corruption 3 | . . 3 3 . . Average Corruption 2 | . . 1 3 . . Corruption Purged . | . . . . . . Corruption Blocked . | . . . . . . Effects 6 | . . . 6 . . Message Errors 2 | . . . 2 . . Matter Fused 1 | . . . 1 . . Heat Flow Errors 1 | . . . 1 . . Data Loss (minor) 1 | . . . 1 . . Alerts 1 | . . . 1 . . Overload Shots . | . . . . . . Overflow Damage . | . . . . . . Projectiles . | . . . . . . Explosions . | . . . . . . Melee . | . . . . . . Knockbacks . | . . . . . . Impact . | . . . . . . Kinetic . | . . . . . . Secondary . | . . . . . . Self-Inflicted Damage 10 | . . 10 . . . Shots . | . . . . . . Rammed 5 | . . 5 . . . Targets Rammed 5 | . . 5 . . . Kicked . | . . . . . . Crushed . | . . . . . . Highest Temperature 246 | . 129 246 134 . . Average Temperature 90 | . 71 95 78 . . Received Heat Transfer 660 | . 33 411 12 18 186 Siege Activations . | . . . . . . Martial Activations . | . . . . . . Shielding Activations . | . . . . . . Robots Disrupted . | . . . . . . Combat Hostiles . | . . . . . . Robots Corrupted . | . . . . . . Combat Hostiles . | . . . . . . Parts Fried . | . . . . . . Impact Corruptions . | . . . . . . Robots Melted 2 | . . 2 . . . Combat Hostiles 2 | . . 2 . . . Parts Melted 4 | . . 4 . . . Heat Transferred 2516 | . 222 1702 592 . . Parts Sabotaged . | . . . . . . Parts Stolen . | . . . . . . Parts Stripped . | . . . . . . Power Chain Reactions . | . . . . . . Alert | -11 -10 -9 -9 -8 -8 ------- Run | Yrd Mat Mat Min Mat Sto Maximum Alert Level 1 | . . 1 . . . Low Security (%) 93 | 100 100 84 100 100 100 Level 1 6 | . . 15 . . . Level 2 . | . . . . . . Level 3 . | . . . . . . Level 4 . | . . . . . . Level 5 . | . . . . . . High Security . | . . . . . . Max Security . | . . . . . . Peak Influence 237 | . 50 237 62 19 35 Initial 62 | . . 16 62 19 . Average 39 | . 14 70 21 6 4 Influence Increases 705 | . 67 435 143 . 60 Destroy 0b10 Robot/C 400 | . 20 300 80 . . Destroy 0b10 Robot/NC 15 | . . 10 5 . . Destroy Leader 80 | . 10 60 10 . . Allied During Kill 3 | . . . 3 . . Successful Hack 12 | . 7 5 . . . Lose Combat Pursuer 195 | . 30 60 45 . 60 Influence Decreases 670 | . 27 315 253 50 25 Entered New Map 153 | . . 24 98 31 . Time Decay 359 | . 27 181 117 9 25 Lost Part 120 | . . 110 . 10 . Lost Ally 38 | . . . 38 . . Squads Dispatched 7 | . 1 4 . . 2 Investigation 2 | . . 2 . . . Extermination . | . . . . . . Reinforcement 5 | . 1 2 . . 2 Assault . | . . . . . . Garrison . | . . . . . . Intercept . | . . . . . . Searches Triggered . | . . . . . . Construction Impeded . | . . . . . . Haulers Reinforced . | . . . . . . Active Scanning Responses . | . . . . . . Cargo Convoy Interrupts . | . . . . . . Stealth | -11 -10 -9 -9 -8 -8 --------- Run | Yrd Mat Mat Min Mat Sto Distress Signals 4 | . 1 1 . . 2 Communications Jammed . | . . . . . . Distress Signals . | . . . . . . Times Spotted 73 | . 7 30 7 3 26 Peak Tracking Total 20 | . 3 15 3 3 20 Tactical Retreats 8 | . 1 3 2 . 2 Traps | -11 -10 -9 -9 -8 -8 ------- Run | Yrd Mat Mat Min Mat Sto Traps Triggered 2 | . . 1 . . 1 Indirectly . | . . . . . . Trap Hack Attempts . | . . . . . . Triggered . | . . . . . . Disarmed . | . . . . . . Reprogrammed . | . . . . . . Reused . | . . . . . . Traps Extracted . | . . . . . . Installed . | . . . . . . Triggered . | . . . . . . Machines | -11 -10 -9 -9 -8 -8 ---------- Run | Yrd Mat Mat Min Mat Sto Machines Disabled . | . . . . . . Max in Single Turn . | . . . . . . Machines Repaired . | . . . . . . Machines Dismantled . | . . . . . . Machines Sabotaged . | . . . . . . Overloaded Fab Kills . | . . . . . . Hacking | -11 -10 -9 -9 -8 -8 --------- Run | Yrd Mat Mat Min Mat Sto Machines Accessed 5 | . 1 3 1 . . Terminals 3 | . 1 2 . . . Fabricators . | . . . . . . Repair Stations 1 | . . 1 . . . Recycling Units . | . . . . . . Scanalyzers . | . . . . . . Garrison Access . | . . . . . . Total Hacks 11 | . 2 8 1 . . Successful 3 | . 1 1 1 . . Failed 8 | . 1 7 . . . Catastrophic . | . . . . . . Database Lockouts . | . . . . . . Manual 1 | . . 1 . . . Terminals 8 | . 2 6 . . . Fabricators . | . . . . . . Repair Stations 2 | . . 2 . . . Recycling Units . | . . . . . . Scanalyzers . | . . . . . . Garrison Access . | . . . . . . Terminal Hacks 3 | . 1 1 1 . . Open Door 1 | . . . 1 . . Registered Components 1 | . 1 . . . . Zone Layout 1 | . . 1 . . . Fabricator Hacks . | . . . . . . Repair Station Hacks . | . . . . . . Recycling Unit Hacks . | . . . . . . Scanalyzer . | . . . . . . Garrison Access Hacks . | . . . . . . Unauthorized Hacks . | . . . . . . Terminals . | . . . . . . Fabricators . | . . . . . . Repair Stations . | . . . . . . Recycling Units . | . . . . . . Scanalyzers . | . . . . . . Garrison Access . | . . . . . . Data Cores Recovered . | . . . . . . Used . | . . . . . . Hacking Detections 4 | . 1 3 . . . Full Trace Events 1 | . . 1 . . . Feedback Events . | . . . . . . Feedback Blocked . | . . . . . . Robot Schematics Acquired . | . . . . . . Robots Built . | . . . . . . Authchips . | . . . . . . Time . | . . . . . . Total Robot Build Rating . | . . . . . . Part Schematics Acquired . | . . . . . . Parts Built . | . . . . . . Authchips . | . . . . . . Time . | . . . . . . Total Part Build Rating . | . . . . . . Part Studies Acquired . | . . . . . . Parts Repaired . | . . . . . . Time . | . . . . . . Parts Recycled . | . . . . . . Recycled Matter . | . . . . . . Retrieved Matter . | . . . . . . Retrieved Components . | . . . . . . Parts Scanalyzed . | . . . . . . Part Schematics Acquired . | . . . . . . Parts Damaged . | . . . . . . Bothacking | -11 -10 -9 -9 -8 -8 ------------ Run | Yrd Mat Mat Min Mat Sto Used RIF Installer . | . . . . . . Robots Hacked . | . . . . . . Non-combat . | . . . . . . Combat . | . . . . . . Robot Hacks Applied . | . . . . . . Relay Couplers Released . | . . . . . . Fabnet Peak Effective % . | . . . . . . Robots Rewired . | . . . . . . Allies Hacked . | . . . . . . Hacks Repelled . | . . . . . . Allies | -11 -10 -9 -9 -8 -8 -------- Run | Yrd Mat Mat Min Mat Sto Total Allies 3 | . . . 3 . . Largest Group 3 | . . . 3 . . Highest-Rated Group 40 | . . . 40 . . Highest-Rated Ally 16 | . . . 16 . . Total Orders . | . . . . . . Ally Attacks 10 | . . . 10 . . Total Damage 127 | . . . 127 . . Kills 1 | . . . 1 . . Allies Corrupted . | . . . . . . Allies Melted . | . . . . . . Intel | -11 -10 -9 -9 -8 -8 ------- Run | Yrd Mat Mat Min Mat Sto Active Infowar (turns) . | . . . . . . Robot Analysis Total . | . . . . . . Derelict Logs Recovered 1 | . . . 1 . . Drone Launches . | . . . . . . Drone Recoveries . | . . . . . . Exploration | -11 -10 -9 -9 -8 -8 ------------- Run | Yrd Mat Mat Min Mat Sto Turns Passed 1093 | 60 87 491 325 49 81 Spaces Moved 1010 | 57 86 326 304 111 126 Core 58 | 1 . 6 . . 51 Treads . | . . . . . . Legs . | . . . . . . Wheels 640 | 56 86 248 227 . 23 Hover . | . . . . . . Flight 312 | . . 72 77 111 52 Fastest Speed 34 | 50 80 37 37 34 37 Average Speed 73 | 79 80 86 76 36 54 Slowest Speed 120 | 80 80 120 90 39 120 Overloaded Moves . | . . . . . . Propulsion Burnouts . | . . . . . . Robots Hopped 4 | . . 3 . . 1 Potential Cave-ins . | . . . . . . Cave-ins Triggered . | . . . . . . Exploration Rate (%) 32 | 4 31 29 74 13 41 Regions Visited 5 Branch Regions 2 Pre-discovered Areas 1 | . . . 1 . . Known Exits Taken . | . . . . . . Unknown Exits Taken 5 | 1 1 1 1 1 . Scrap Searched 2 | . . . 2 . . Spaces Dug . | . . . . . . Terrain Destroyed . | . . . . . . Melee . | . . . . . . Projectile . | . . . . . . AOE . | . . . . . . Terrain Rammed . | . . . . . . Walls Destroyed . | . . . . . . Machines Disabled . | . . . . . . Actions | -11 -10 -9 -9 -8 -8 --------- Run | Yrd Mat Mat Min Mat Sto Total 1237 | 68 97 437 378 119 138 Wait 67 | . 8 19 40 . . Move 997 | 56 85 319 303 110 124 Hop 4 | . . 3 . . 1 Pick Up 19 | 5 . 8 5 1 . Fast Attach 16 | 5 1 4 5 1 . Attach 12 | 1 . 4 2 3 2 Detach 4 | . . 2 . 1 1 Swap 11 | 1 . 7 2 1 . Drop 17 | . . 10 4 2 1 Fire 76 | . 3 56 17 . . Melee . | . . . . . . Ram 5 | . . 5 . . . Kick . | . . . . . . Crush . | . . . . . . Escape Stasis 9 | . . . . . 9 Rewire . | . . . . . . Trap . | . . . . . . Miscellaneous . | . . . . . . Route ------- -11/Scrapyard -10/Materials (discovered 2 exits: *Mat / [*Min]) -9/Materials -9/Mines -8/Materials -8/Storage History --------- Turn | Location | Event 22 | -11/Scrapyard | Discovered new exit (range 15) 61 | -11/Scrapyard | Entered Materials 94 | -10/Materials | Discovered new exit (range 16) 110 | -10/Materials | Discovered new exit (range 16) 148 | -10/Materials | Entered another Materials area 148 | -9/Materials | Evolved 2 slots: Power x1, Utility x1 301 | -9/Materials | Build established: Mutant 464 | -9/Materials | Lost 4 parts (1p1u2w) 541 | -9/Materials | Destroyed 7 combat bots 636 | -9/Materials | Core integrity fell below 50% 636 | -9/Materials | Discovered new exit (range 6) 639 | -9/Materials | Entered Mines 644 | -9/Mines | Assisted by bots powering up and referring to "LRC-V3" 667 | -9/Mines | Lost 6 parts (2p2n1u1w) 690 | -9/Mines | Found the Drone Emporium 692 | -9/Mines | Found Prototype Device 692 | -9/Mines | Identified Decoy Drone Bay 829 | -9/Mines | Lost 3 allies 833 | -9/Mines | Learned location of Zion (-6) 859 | -9/Mines | Assembled infested the area 928 | -9/Mines | Discovered new exit (range 11) 964 | -9/Mines | Entered Materials 964 | -8/Materials | Evolved 2 slots: Propulsion x2 971 | -8/Materials | Discovered new exit (range 17) 1013 | -8/Materials | Entered Storage 1062 | -8/Storage | Released all parts (4) 1066 | -8/Storage | Core integrity fell below 50% 1069 | -8/Storage | Lost 3 parts (1p2n) 1079 | -8/Storage | Core integrity fell below 20% 1094 | -8/Storage | Destroyed by G-47 Trooper with Particle Gun Last Messages --------------- 01066_ Critical hit (Burn: +37). 01066_ W-25 Informer sends out distress signal. 01070_ Triggered Stasis Trap. 01070_ A bubble of rippling energy engulfs the area. 01070_ Field strength at 94. 01071_ Field strength at 88. 01072_ Field strength at 76. 01072_ ALERT: Hostiles spotted, dispatching reinforcements to Terminal S014. 01073_ Field strength at 66. 01073_ K-01 Serf collects debris. 01074_ Field strength at 56. 01075_ Field strength at 46. 01076_ Field strength at 38. 01077_ Field strength at 28. 01077_ S-10 Pest destroyed. 01078_ Field strength at 16. 01079_ Field strength at 1. 01079_ Stasis field depleted. 01081_ K-01 Serf collects debris. 01094_ Critical hit (Burn: +37). Map ----- +----------------------------------------------------+ | ???????# * #???????????????????????? | | ???????# %=#???????????????????????? | | ???????# [ #???????????????????????? | | ???????# #???????????????????????? | | ???????# #???????????????????????? | | ???????# #???????????????????????? | | ???????# #???????????????????????? | | ???????# #???????????????????????? | | ???????# #???????????????????????? | | ???????# #???????????????????????? | | ???????# #???????????????????????? | | ???????# #???????????????????????? | | ???????# ###########?????????????? | | ???????# #?????????????? | | ???????# #?????????????? | | ???????# #?????????????? | | ???????########### #?????????????? | | ?????????????????# #?????????????? | | ?????????????????# #?????????????? | | ?????????????????# ##########????? | | ?????????????????# # #????? | | ?????????????????# #= """ #????? | | ?????????????????# # """ #????? | | ?????????????????# s# """ #????? | | ?????????????????#Y gs * #????? | | ?????????? # @""" #????? | | ???????# # """ #????? | | ???????# """ # """ #????? | | ???????????""" # Y #????? | | ???????????""" ########### #????? | | ??????????? ???????????##????? | | ??????????? ?????????????????? | | ??????????####+##+?????????????????? | | ???????????????????????????????????? | | ???????????????????????????????????? | | ???????????????????????????????????? | | ???????????????????????????????????? | | ???????????????????????????????????? | | | | | | | | | | | | | | | | | | | | | | | | | +----------------------------------------------------+ Best States ------------- Heat Dissipation 48 Energy Generation 17 Energy Capacity 415 Matter Stores 300 Matter Capacity 300 Sight Range 16 Terrain Scan Density 10 Evasion (%) 63 Offensive Hacking 10 Item Schematics ----------------- None Robot Schematics ------------------ None Fabricated ------------ Nothing Repaired ---------- Nothing Studied --------- None Alien Tech Used ----------------- None Achievements -------------- Live, Flee, And Rebuild Challenges ------------ None Game ------ Seed DimensionalAssaultDiverter Manual? 0 Play Time 00:29:19 Cumulative 33.9 hours Start 2025.11.11 @ 20:01:48 End 2025.11.11 @ 20:41:35 Sessions 1 Manual Loads 0 Difficulty Rogue Special Mode None Game No. 30 Rogue 30 Adventurer 0 Explorer 0 Win Type - Total 0 Types 0/0/0/0/0/0/0/0/0/0 Lore% 11 Gallery% 27 Achievement% 18 Wizard Run 0 Options --------- Layout 0 ASCII 0 Keyboard 0 Movement Numpad Keybinds 0 Fullscreen 2 Font 24/Smallcaps Map View 113x50 Zoom Use 0% Tactical HUD 1 Map Filters NONE Filters NONE Steam 1 RUN: 455ee1d3-f128-42e1-8ea8-4a801885992f